 Dungeon Sprint DCSS version 0.29-a0-284-gf9362112df (webtiles) character file.

Game seed: 9236810012645216318

2 mhtbhm the Skirmisher (level 1, -3/30 HPs)
             Began as a Minotaur Fighter on Mar 27, 2022.
             Slain by Crazy Yiuf
             ... wielding a +4 quarterstaff of chaos
              (10 damage)
             ... in the Dungeon (Sprint III: "The Ten Rune Challenge").
             The game lasted 00:00:14 (41 turns).

mhtbhm the Skirmisher (Minotaur Fighter)              Turns: 41, Time: 00:00:15

Health: -3/30      AC:  7    Str: 20    XL:     1   Next: 33%
Magic:  0/0        EV:  9    Int:  5    God:
Gold:   0          SH:  4    Dex:  9    Spells: 0/0 levels left

rFire   . . .      SeeInvis .   a - +0 trident
rCold   . . .      Faith    .   c - +0 buckler
rNeg    . . .      Spirit   .   b - +0 scale mail
rPois   .          Reflect  .   (helmet restricted)
rElec   .          Harm     .   (no cloak)
rCorr   .          Rampage  .   (no gloves)
Will    .....      NoTele   +   (no boots)
Stlth   ..........              (no amulet)
HPRegen 0.10/turn               (no ring)
MPRegen 0.07/turn               (no ring)

@: berserking (expiring), very quick
A: horns 2, retaliatory headbutt
a: no special abilities


You were in the Dungeon.
You visited 1 branch

Inventory:

Hand Weapons
 a - a +0 trident (weapon)
Armour
 b - a +0 scale mail (worn)
 c - a +0 buckler (worn)
Scrolls
 j - a scroll of blinking
 k - a scroll of identify {unknown}
Potions
 d - a potion of might
 e - a potion of curing
 f - a potion of heal wounds
 g - a potion of haste
 h - 3 potions of magic


   Skills:
 + Level 4.1 Fighting
 + Level 2.6 Polearms
 + Level 4.1 Armour
 + Level 4.1 Shields


You couldn't memorise any spells.
You didn't know any spells.
Your spell library was empty.

Dungeon Overview and Level Annotations

Branches:
Dungeon (1/1)

Altars:

Annotations:
D Crazy Yiuf


Innate Abilities, Weirdness & Mutations

You have a pair of horns on your head.
You reflexively headbutt those who attack you in melee.


Message History

No target in view!
No target in view!
You see here a rat corpse.
h - 3 potions of magic (gained 1)
You open the door.
There is an open door here.
A human comes into view.
The human shouts!
A human is nearby!
A human is nearby!
Sorry, you're not good enough to have a special ability.
Sorry, you're not good enough to have a special ability.
You aren't carrying any items that you can evoke.
Unknown command.
You reach to attack!
You closely miss the human.
Okay, then.
The human attacks as you move away! The human hits you but does no damage.
Crazy Yiuf the Enlightened comes into view.
He is wielding a +4 quarterstaff of chaos.
Crazy Yiuf shouts!
A red film seems to cover your vision as you go berserk!
You feel yourself moving faster!
You feel mighty! The human hits you!
You closely miss the human. The human hits you!
You are too injured to fight recklessly!
You are too injured to fight recklessly!
You are too injured to fight recklessly!
You are too injured to fight recklessly!
You are too injured to fight recklessly!
You are too injured to fight recklessly!
You are too injured to fight recklessly!
You are too injured to fight recklessly!
You are too injured to fight recklessly!
You are too injured to fight recklessly!
You barely miss the human. You headbutt the human!
The human is heavily wounded.
The human hits you!
* * * LOW HITPOINT WARNING * * *
You puncture the human!
The human is severely wounded.
Crazy Yiuf hits you with a +4 quarterstaff of chaos!
You die...

▓▓▓▓ ▓<.# +...♣♣♣
▓..# #.....♣♣
▓#'####....♣.♣
▓.....#....≈♣♣♣♣
▓.....#...≈≈...♣
▓.....#..≈≈≈≈..♣ .
▓####'#g.≈≈≈≈≈≈♣..
▓..†.†#@≈≈≈≈≈≈....
▓.....#p≈≈≈≈≈.....
▓.....#.≈≈≈.......
▓'#####...........
▓.................
▓▓▓▓▓▓▓▓▓▓▓▓▓▓▓▓▓▓


You could see a human and Crazy Yiuf.

Vanquished Creatures
  4 rats (D)
4 creatures vanquished.

Notes
Turn   | Place    | Note
-------+----------+-------------------------------------------
     0 | D        | mhtbhm the Minotaur Fighter began the quest for the Orb.
     0 | D        | Reached XP level 1. HP: 19/19 MP: 0/0
    36 | D        | Noticed Crazy Yiuf
    41 | D        | Slain by Crazy Yiuf

Illustrated notes

Levels and vault maps discovered:
D:        dungeon_sprint_mu [sprint_mu_entry_forest, sprint_mu_temple_rooms,
          sprint_mu_d1_spiders, sprint_mu_d2_genie, sprint_mu_d3_branching,
          sprint_mu_orc_legion, sprint_mu_elf_gauntlet, sprint_mu_hive_nellie,
          sprint_mu_lair_fedhas, sprint_mu_vaults_butterflies,
          sprint_mu_slime_circle, sprint_mu_swamp_cave, sprint_mu_snake_twists,
          sprint_mu_blade_basic, sprint_mu_crypt_fortress,
          sprint_mu_tomb_spiral, sprint_mu_vestibule_basic,
          sprint_mu_gehenna_hellfire, sprint_mu_dis_giant,
          sprint_mu_tartarus_statrot, sprint_mu_cocytus_islands, sprint_mu_zot1]

Skill      XL: |  1 |
---------------+----+-----
Fighting       | 4 |  4.1
Armour         | 4 |  4.1
Shields        | 4 |  4.1
Polearms       | |  2.6

Action                   || total
-------------------------++-------
Melee: Trident           ||     8
       Headbutt          ||     1
  Use: Potion            ||     1
Armor: Scale mail        ||     1

Table legend: (Time is in decaauts)
 A = Elapsed time spent in this place.
 B = Non-inter-level travel time spent in this place.
 C = Inter-level travel time spent in this place.
 D = Time resting spent in this place.
 E = Time spent auto-exploring this place.
 F = Levels seen in this place.
 G = Mean time per level.
                   A        B        C        D        E       F      G
               +--------+--------+--------+--------+--------+-----+--------+
         Total |     41 |     41 |      0 |      0 |     20 |   1 |   41.0 |
       Dungeon |     41 |     41 |      0 |      0 |     20 |   1 |   41.0 |
               +--------+--------+--------+--------+--------+-----+--------+

Top non-repeatable levels by time:
       D: 41 daAuts
